 Dungeon Crawl Stone Soup version 0.31-a0-803-g95b03c3367 (webtiles) character file.

Game seed: 4553148878239727680

149 Maratek the Shield-Bearer (level 5, -5/41 HPs)
             Began as a Human Fighter on Sept 21, 2023.
             Slain by a scorpion (6 damage)
             ... on level 4 of the Dungeon.
             The game lasted 00:04:06 (2254 turns).

Maratek the Shield-Bearer (Human Fighter)           Turns: 2254, Time: 00:04:08

Health: -5/41      AC:  8    Str: 18    XL:     5   Next: 57%
Magic:  5/5        EV:  9    Int:  8    God:
Gold:   146        SH: 10    Dex: 13    Spells: 4/4 levels left

rFire   . . .        j - +4 trident (freeze)
rCold   . . .        c - +0 buckler
rNeg    . . .        b - +0 scale mail
rPois   .            n - +0 helmet
rElec   .            (no cloak)
rCorr   .            (no gloves)
SInv    +            (no boots)
Will    .....        k - amulet of reflection Stlth
                     a - ring of see invisible
HPRegen 0.26/turn    (no ring)
MPRegen 0.09/turn

%: reflection
@: mighty, lethally poisoned (-5 -> -15)
A: no striking features
a: no special abilities


You were on level 4 of the Dungeon.
You visited 1 branch of the dungeon, and saw 4 of its levels.

You collected 146 gold pieces.

Inventory:

Hand Weapons
 j - a +4 trident of freezing (weapon)
Armour
 b - a +0 scale mail (worn)
 c - a +0 buckler (worn)
 n - a +0 helmet (worn)
Jewellery
 a - a ring of see invisible (left hand)
 k - an amulet of reflection (around neck)
 o - a +6 ring of intelligence
Scrolls
 f - a scroll of vulnerability {unknown}
 h - a scroll of teleportation {unknown}
 i - a scroll of identify
Potions
 e - a potion of ambrosia {unknown}
 g - a potion of mutation {unknown}
 l - 2 potions of heal wounds {unknown}
 m - 2 potions of curing {unknown}


   Skills:
 + Level 3.4 Fighting
 + Level 2.5(3.1) Axes
 + Level 2.5(3.0) Polearms
 + Level 3.6 Armour
 + Level 1.0 Dodging
 + Level 0.4 Stealth
 + Level 3.6 Shields


You had 4 spell levels left.
You didn't know any spells.
Your spell library contained the following spells:

 Spells                   Type           Power      Damage    Failure   Level
 Magic Dart               Conj           0%         1d3       86%         1
 Searing Ray              Conj           0%         2d4       95%         2
 Fulminant Prism          Conj/Hex       0%         3d5       100%        4


Dungeon Overview and Level Annotations

Branches:
Dungeon (4/15)
 Temple: D:4-7

Altars:
Kikubaaqudgha
Makhleb

Shops:
D:1 *


Message History

* * * LOW HITPOINT WARNING * * *
You puncture the phantom! You freeze the phantom.
The phantom is almost destroyed.
You block the phantom's attack.
The phantom hits you but does no damage.
You closely miss the phantom.
The phantom is almost destroyed.
The quokka closely misses you. You block the quokka's attack.
You block the phantom's attack.
You closely miss the phantom.
The phantom is almost destroyed.
The scorpion stings you but does no damage.
You block the quokka's attack. The phantom closely misses you.
The scorpion completely misses you.
You puncture the phantom!
You destroy the phantom!
The quokka barely misses you. You block the scorpion's attack.
You block the quokka's attack. The giant cockroach bites you.
* * * LOW HITPOINT WARNING * * *
Your base Polearms skill increases to level 2!
Your Dodging skill increases to level 1!
You have reached level 5!
You closely miss the scorpion. You block the scorpion's attack.
The giant cockroach bites you but does no damage.
The quokka completely misses you. You block the scorpion's attack.
You hit the scorpion. You freeze the scorpion.
The scorpion is moderately wounded.
The quokka bites you but does no damage.
You block the giant cockroach's attack. The scorpion stings you.
* * * LOW HITPOINT WARNING * * *
You are lethally poisoned!
The scorpion poisons you! You block the quokka's attack.
The giant cockroach completely misses you.
You puncture the scorpion! You freeze the scorpion.
The scorpion is almost dead.
* * * LOW HITPOINT WARNING * * *
You feel very sick. The scorpion barely misses you.
The quokka barely misses you. You block the giant cockroach's attack.
The scorpion stings you.
You die...

...............
.......................
...............#......
##.#...[.............
#...................#
....................#
#....##......).#...##.#.
#.......................
...............r@....#
.....?.....~~..sB...#.#
##.....)..~≈≈≈≈~..#.....
..........~≈≈≈≈~.## ..##
#..........~~~~..# ...
#...........~.~...# #.
..............~...#
..........⌠....~_.#
............##....#


You could see a scorpion, a quokka and a giant cockroach.

Vanquished Creatures
  A phantom (D:4)
  2 adders (D:2)
  2 worms (D:3)
  5 ball pythons
  5 bats
  8 endoplasms
  A giant cockroach (D:3)
  5 hobgoblins
  6 kobolds
  2 quokkas
  2 frilled lizards
  6 goblins
  4 rats
49 creatures vanquished.

Notes
Turn   | Place    | Note
-------+----------+-------------------------------------------
     0 | D:1      | Maratek the Human Fighter began the quest for the Orb.
     0 | D:1      | Reached XP level 1. HP: 18/18 MP: 1/1
   247 | D:1      | Reached XP level 2. HP: 24/24 MP: 2/2
   408 | D:1      | Found Moamut's General Store.
   512 | D:1      | Found a faded altar of an unknown god.
   676 | D:1      | Reached XP level 3. HP: 29/29 MP: 3/3
   907 | D:2      | Found a burning altar of Makhleb.
  1123 | D:2      | Reached skill level 1 in Polearms
  1317 | D:3      | Reached XP level 4. HP: 32/35 MP: 4/4
  2231 | D:4      | Noticed a phantom
  2236 | D:4      | Noticed a scorpion
  2238 | D:4      | Found an ancient bone altar of Kikubaaqudgha.
  2251 | D:4      | Killed a phantom
  2252 | D:4      | Reached skill level 1 in Dodging
  2252 | D:4      | Reached XP level 5. HP: 7/41 MP: 5/5
  2254 | D:4      | HP: 1/41 [poisoned by a scorpion]
  2254 | D:4      | Slain by a scorpion

Illustrated notes

Levels and vault maps discovered:
D:1:      kilobyte_arrival_exit_the_forest, layout_rooms, serial_shops,
          nicolae_square_shop, chequers_ecumenical_altar_twisty
D:2:      layout_basic, basic_altar, minmay_crystal_water
D:3:      layout_basic, roderic_lattice_a, corexii_corridor_pit
D:4:      layout_cave_pools, kiku_gazebo_pond_becter, kennysheep_generic_room_4,
          uniq_ijyb

Skill      XL: |  1  2  3  4 |
---------------+-------------+-----
Polearms       | 1 2 |  2.5
Dodging        | 1 |  1.0
Fighting       | |  3.4
Axes           | |  2.5
Armour         | |  3.6
Stealth        | |  0.4
Shields        | |  3.6

Action                     |  1- 3 |  4- 6 || total
---------------------------+-------+-------++-------
  Melee: War axe           |    52 |       ||    52
         Trident           |    49 |    56 ||   105
    Use: Scroll            |     2 |       ||     2
         Potion            |       |     1 ||     1
 Armour: Scale mail        |    76 |    28 ||   104
  Dodge: Dodged            |    49 |    19 ||    68
  Block: Buckler           |    17 |    26 ||    43

Table legend: (Time is in decaauts)
 A = Elapsed time spent in this place.
 B = Non-inter-level travel time spent in this place.
 C = Inter-level travel time spent in this place.
 D = Time resting spent in this place.
 E = Time spent auto-exploring this place.
 F = Levels seen in this place.
 G = Mean time per level.
                   A        B        C        D        E       F      G
               +--------+--------+--------+--------+--------+-----+--------+
         Total |   2308 |   2210 |     98 |      0 |   1804 |   4 |  577.0 |
       Dungeon |   2308 |   2210 |     98 |      0 |   1804 |   4 |  577.0 |
               +--------+--------+--------+--------+--------+-----+--------+

Top non-repeatable levels by time:
     D:3: 926 daAuts
     D:1: 857 daAuts
     D:2: 481 daAuts
     D:4: 42 daAuts
